 Dungeon Crawl Stone Soup version 0.23.2-1-ga50397a6bc (webtiles) character file.

Game seed: 4891522584077202230

259 Peloso the Slasher (level 5, 0/47 HPs)
             Began as a Minotaur Fighter on May 12, 2019.
             Killed by nerve-wracking pain
             ... invoked by an orc priest
              (5 damage)
             ... on level 3 of the Dungeon.
             The game lasted 00:06:55 (1355 turns).

Peloso the Slasher (Minotaur Fighter)               Turns: 1355, Time: 00:06:56

Health: 0/47       AC:  9    Str: 20    XL:     5   Next: 95%
Magic:  4/4        EV:  6    Int:  5    God:
Gold:   72         SH:  9    Dex: 11    Spells: 4/4 levels left

rFire    . . .     SeeInvis .   a - +0 long sword
rCold    . . .     Gourm    .   c - +0 shield
rNeg     . . .     Faith    .   o - +0 chain mail
rPois    .         Spirit   .   (helmet restricted)
rElec    .         Reflect  .   (no cloak)
rCorr    .         Harm     .   (no gloves)
MR       .....                  (no boots)
Stlth    ..........             (no amulet)
HPRegen  0.15/turn              (no ring)
MPRegen  0.09/turn              (no ring)

@: no status effects
A: retaliatory headbutt, horns 2
a: no special abilities


You were on level 3 of the Dungeon.
You were hungry.

You visited 1 branch of the dungeon, and saw 3 of its levels.

You collected 72 gold pieces.

Inventory:

Hand Weapons
 a - a +0 long sword (weapon)
Armour
 b - a +0 scale mail
 c - a +0 shield (worn)
 o - a +0 chain mail (worn)
Scrolls
 e - 2 scrolls of enchant armour {unknown}
 h - 4 scrolls of amnesia
 j - a scroll of immolation {unknown}
 l - a scroll of magic mapping {unknown}
 p - 2 scrolls of teleportation {unknown}
Potions
 g - a potion of ambrosia
 i - a potion of haste
 k - a potion of agility {unknown}
 m - 2 potions of magic {unknown}
Comestibles
 f - 6 rations


   Skills:
 + Level 4.7 Fighting
 + Level 5.3 Long Blades
 + Level 5.0 Armour
 + Level 0.9 Dodging
 + Level 4.3 Shields


You had 4 spell levels left.
You didn't know any spells.
Your spell library was empty.

Dungeon Overview and Level Annotations

Branches:
Dungeon (3/15)

Altars:


Innate Abilities, Weirdness & Mutations

You reflexively headbutt those who attack you in melee.
You have a pair of horns on your head.


Message History

* * * LOW HITPOINT WARNING * * *
You closely miss the orc priest.
The orc priest is severely wounded.
The orc priest looks satisfied for a moment.
You block the orc priest's attack. You block the orc's attack.
The orc hits you but does no damage. The orc closely misses you.
Unknown command.
You closely miss the orc priest.
The orc priest is severely wounded.
The orc priest hits you but does no damage.
The orc priest hits you.
* * * LOW HITPOINT WARNING * * *
The orc hits you with a +0 club.
* * * LOW HITPOINT WARNING * * *
You block the orc's attack. The orc closely misses you.
You furiously retaliate!
You headbutt the orc!
You kill the orc!
The orc priest calls down the wrath of Beogh upon you.
Pain shoots through your body!
You die...

#<# ..# #.. #.# ### #.#
##### ..## #.# ....#
#.##.##o## ###.#
#.##..[@o# ###.#
#.#####oo###..# .##.#
#.# #........
.##.######<# #.####...
...........# #.# .
..#.######## #.# ..#.#
#.#
..#.############.####.#
###.....................


You could see 2 orc priests and 2 orcs.

Vanquished Creatures
  Sigmund (D:2)
  Terence (D:2)
  3 adders (D:2)
  An adder skeleton (D:2)
  4 dart slugs (D:1)
  4 leopard geckos
  An orc (D:3)
  2 ball pythons (D:2)
  2 giant cockroaches
  6 hobgoblins
  3 jackals (D:2)
  5 frilled lizards
  2 goblins
  6 kobolds
  5 rats
46 creatures vanquished.

Notes
Turn   | Place    | Note
-------+----------+-------------------------------------------
     0 | D:1      | Peloso the Minotaur Fighter began the quest for the Orb.
     0 | D:1      | Reached XP level 1. HP: 19/19 MP: 0/0
    82 | D:1      | Reached XP level 2. HP: 27/27 MP: 1/1
   417 | D:1      | Reached XP level 3. HP: 30/33 MP: 2/2
   629 | D:2      | Noticed Sigmund
   634 | D:2      | Killed Sigmund
   634 | D:2      | Reached XP level 4. HP: 40/41 MP: 3/3
   634 | D:2      | Reached XP level 5. HP: 46/47 MP: 4/4
   926 | D:2      | Reached skill level 5 in Long Blades
  1172 | D:2      | Noticed Terence
  1181 | D:2      | Killed Terence
  1181 | D:2      | Reached skill level 5 in Armour
  1355 | D:3      | Killed from afar by an orc priest

Skill      XL: |  1  2  3  4  5 |
---------------+----------------+-----
Armour         | 4 5 |  5.0
Fighting       | 4 |  4.7
Long Blades    | 4 5 |  5.3
Shields        | 4 |  4.3
Dodging        | |  0.9

Action                   |  1- 3 |  4- 6 || total
-------------------------+-------+-------++-------
Melee: Long sword        |    58 |    66 ||   124
       Headbutt          |     5 |    11 ||    16
  Use: Potion            |     1 |       ||     1
       Scroll            |       |     4 ||     4
  Eat: Chunk             |       |     1 ||     1
Armor: Scale mail        |    16 |    10 ||    26
       Chain mail        |       |    18 ||    18
Dodge: Dodged            |    10 |    28 ||    38
Block: Shield            |    25 |    39 ||    64
       Rpst.: Long sword |     4 |    10 ||    14
